Map: Dasan Station LE

Players

soul

  • Race: Terran Terran
  • League: Grandmaster
  • Spawn Location: 6:00

Matiz - Winner!

  • Race: Zerg Zerg
  • League: Grandmaster
  • Spawn Location: 12:00

VOD

Have the link to the VOD?

Description

Time

  • Played on: Nov. 6, 2016, 9:59 a.m.
  • Length: 4:29
Show
View Real Time Build Order
Export as new Build Order

soul Terran 

Build Orders:  

Get SALT Encoding   

  12  0:01  SCV  
  13  0:13  SCV  
  14  0:17  Supply Depot  
  14  0:25  SCV  
  15  0:31  Refinery  
  15  0:39  SCV  
  16  0:48  Barracks  
  16  0:51  SCV  
  17  1:04  SCV  
  18  1:20  SCV  
  19  1:37  Orbital Command, Barracks Reactor  
  19  1:47  Command Center  
  19  1:57  Factory  
  19  2:05  Bunker  
  19  2:12  Marine  
  19  2:13  Marine  
  21  2:19  Supply Depot  
  21  2:24  Refinery  
  21  2:28  SCV  
  22  2:30  Marine  
  23  2:40  Marine  
  23  2:41  Factory Tech Lab  
  24  2:50  Bunker  
  24  3:03  Siege Tank  
  27  3:09  Marine  
  27  3:10  Marine  
  27  3:27  Bunker  
  15  3:50  Siege Tank  
  15  3:54  Marine  
Show
View Real Time Build Order
Export as new Build Order

Matiz Zerg - Winner!

Build Orders: Pool Only, Ravager All-In 

Get SALT Encoding   

  12  0:01  Drone  
  13  0:21  Spawning Pool  
  12  0:24  Drone  
  13  0:30  Drone  
  14  0:37  Extractor  
  14  0:39  Drone  
  14  0:46  Overlord  
  14  0:54  Extractor  
  14  0:55  Drone  
  14  1:07  Drone  
  14  1:10  Roach Warren  
  14  1:20  Overlord  
  14  1:50  Roach x3  
  20  2:02  Roach  
  22  2:11  Ravager x2  
  22  2:12  Ravager  
  25  2:16  Roach  
  25  2:22  Roach  
  29  2:35  Overlord  
  29  2:47  Ravager  
  30  2:56  Ravager  
  31  3:01  Ravager  
  29  3:26  Roach x3  
  26  3:49  Ravager x2  
  28  4:00  Ravager  
  29  4:09  Roach x2  
Tags
 
Add a new tag
Caveats
  • Supply blocks, unpowered buildings, or Contaminate may cause inaccurate times.
  • Supply counts are checked every 10 seconds.